 Dungeon Crawl Stone Soup version 0.26.1-11-gd32895ea62 (webtiles) character file.

Game seed: 12527330403071656091

2452 Zeld the Cudgeller (level 9, -1/73 (75) HPs)
             Began as a Grey Draconian Gladiator on June 15, 2021.
             Was a Believer of Qazlal.
             Slain by a basilisk (7 damage)
             ... while petrified by a basilisk
             ... on level 8 of the Dungeon.
             The game lasted 00:11:10 (12091 turns).

Zeld the Cudgeller (Grey Draconian Gladiator)      Turns: 12091, Time: 00:11:11

HP:   -1/73 (75)    AC: 12    Str: 20    XL:     9   Next: 25%
MP:   9/9           EV:  2    Int:  9    God:    Qazlal [**....]
Gold: 534           SH:  0    Dex: 12    Spells: 8/8 levels left

rFire    . . .     SeeInvis .   a - +0 flail (protect)
rCold    . . .     Faith    .   D - +0 kite shield
rNeg     + + +     Spirit   .   (armour unavailable)
rPois    ∞         Reflect  .   b - +0 hat
rElec    .         Harm     .   (no cloak)
rCorr    .         Rampage  .   (no gloves)
Will     .....                  (no boots)
Stlth    +.........             (no amulet)
HPRegen  0.22/turn              (no ring)
MPRegen  0.11/turn              (no ring)

@: petrified, lightly drained
A: walk through water, unfitting armour, unbreathing, cold-blooded, AC +12
a: Renounce Religion, Upheaval


You were on level 8 of the Dungeon.
You worshipped Qazlal.
Qazlal was pleased with you.
You visited 2 branches of the dungeon, and saw 9 of its levels.

You collected 534 gold pieces.

Inventory:

Hand Weapons
 a - a +0 flail of protection (weapon)
Missiles
 c - 2 throwing nets (quivered)
 g - 329 stones
 n - 44 poisoned darts
 r - 19 boomerangs
Armour
 b - a +0 hat (worn)
 D - a +0 kite shield (worn)
Wands
 u - a wand of enslavement (6)
Scrolls
 e - 3 scrolls of magic mapping {unknown}
 f - 5 scrolls of remove curse
 j - 4 scrolls of identify {unknown}
 l - 5 scrolls of teleportation {unknown}
 o - a scroll of fear {unknown}
 q - a scroll of amnesia {unknown}
 v - a scroll of enchant armour {unknown}
 w - a scroll of fog {unknown}
 y - a scroll of random uselessness {unknown}
 z - a scroll of summoning {unknown}
 E - a scroll of blinking {unknown}
Potions
 d - 4 potions of attraction {unknown}
 h - 2 potions of degeneration {unknown}
 i - a potion of brilliance {unknown}
 k - 6 potions of curing {unknown}
 m - 4 potions of might {unknown}
 p - a potion of heal wounds {unknown}
 s - 2 potions of flight {unknown}
 t - 2 potions of haste {unknown}
 x - a potion of mutation {unknown}
 A - a potion of cancellation {unknown}
 B - a potion of ambrosia {unknown}


   Skills:
 + Level 5.9 Fighting
 * Level 7.9 Maces & Flails
 * Level 6.8 Throwing
 + Level 5.3 Dodging


You had 8 spell levels left.
You didn't know any spells.
Your spell library contained the following spells:

 Spells                   Type           Power        Failure   Level
 Magic Dart               Conj           0%           96%         1
 Searing Ray              Conj           0%           99%         2
 Dazzling Flash           Conj/Hex       0%           100%        3
 Fulminant Prism          Conj/Hex       0%           100%        4
 Iskenderun's Mystic Bla  Conj/Tloc      0%           100%        4


Dungeon Overview and Level Annotations

Branches:
Dungeon (8/15)             Temple (1/1) D:7
   Lair: D:8-11

Altars:
Ashenzari
Cheibriados
Elyvilon
Fedhas
Gozag
Kikubaaqudgha
Makhleb
Nemelex Xobeh
Okawaru
Qazlal
Ru
Trog
Uskayaw
Vehumet
Wu Jian
Xom
Yredelemnul

Shops:
D:8 (


Innate Abilities, Weirdness & Mutations

You can walk through water.
Your dull iron-grey scales are very hard. (AC +12)
You cannot fit into any form of body armour.
You can survive without breathing.
You are cold-blooded and may be slowed by cold attacks.


Message History

* * * LOW HITPOINT WARNING * * *
Your limbs are stiffening.
Unknown command.
Unknown command.
You sock the basilisk!
The basilisk is almost dead.
The basilisk gazes at you.
Your limbs have turned to stone.
You have turned to stone.
The basilisk bites you but does no damage.
The basilisk gazes at you. You resist with some effort.
The basilisk bites you but does no damage.
The basilisk barely misses you. The basilisk bites you!
* * * LOW HITPOINT WARNING * * *
The basilisk gazes at you. The basilisk bites you.
* * * LOW HITPOINT WARNING * * *
The basilisk bites you!
You die...

...####### ##.##.....#... ####
..####........ # ### #.#....#
####.### ###### ##### ## .#.#[#
#.#.# .#...# #.#.# ##...# #.#.#
#...# #.#@# #######
##.#.#########.#l##########......
..............<.............><...
##.#.######.####.#......###.#####
#.#.## #.# #........# #......
##.#..# #.######......# #######
...##.# #.............# #####.##
#.......####.## #..# #.......#
#.#


You could see a basilisk.

Vanquished Creatures
  A wyvern (D:8)
  A sky beast (D:6)
  2 ice beasts
  2 phantoms (D:5)
  An eye of draining (D:7)
  2 ogres
  A centaur (D:6)
  A big kobold (D:8)
  2 bullfrogs
  7 wights
  A centaur skeleton (D:7)
  2 hounds
  A bullfrog zombie (D:6)
  4 orc priests
  4 orc wizards
  5 worker ants
  A hound skeleton (D:4)
  A worker ant zombie (D:7)
  A howler monkey skeleton (D:7)
  13 gnolls
  10 adders
  2 ufetubi
  An adder skeleton (D:8)
  3 worms
  2 dart slugs (D:1)
  A leopard gecko (D:8)
  21 orcs
  6 giant cockroaches
  4 goblins
  7 hobgoblins
  12 jackals
  2 quokkas
  4 ball pythons
  A ball python skeleton (D:6)
  5 bats
  5 frilled lizards
  10 kobolds
  4 rats
153 creatures vanquished.

Vanquished Creatures (collateral kills)
  A komodo dragon (D:8)
  A basilisk (D:8)
2 creatures vanquished.

Vanquished Creatures (others)
  A wyvern (D:8)
  3 orcs (D:3)
  A rat (D:3)
5 creatures vanquished.

Grand Total: 160 creatures vanquished

Notes
Turn   | Place    | Note
-------+----------+-------------------------------------------
     0 | D:1      | Zeld the Draconian Gladiator began the quest for the Orb.
     0 | D:1      | Reached XP level 1. HP: 17/17 MP: 1/1
   141 | D:1      | Reached XP level 2. HP: 25/25 MP: 2/2
   527 | D:1      | Reached XP level 3. HP: 25/30 MP: 3/3
   726 | D:2      | Found a white marble altar of Elyvilon.
  1425 | D:2      | Reached XP level 4. HP: 37/37 MP: 4/4
  1902 | D:3      | Found a radiant altar of Vehumet.
  2291 | D:3      | Reached skill level 4 in Maces & Flails
  2294 | D:3      | Reached XP level 5. HP: 38/45 MP: 5/5
  2432 | D:3      | Found a stormy altar of Qazlal.
  2435 | D:3      | Noticed an air elemental
  2435 | D:3      | Noticed a water elemental
  2435 | D:3      | Noticed a fire elemental
  2441 | D:3      | Became a worshipper of Qazlal Stormbringer
  2488 | D:3      | You fall into a shaft and drop 3 floors!
  2492 | D:6      | Noticed a sky beast
  2514 | D:6      | Killed a sky beast
  2649 | D:6      | Reached XP level 6. HP: 45/51 MP: 6/6
  2903 | D:6      | Reached skill level 5 in Maces & Flails
  2925 | D:5      | Entered Level 5 of the Dungeon
  3929 | D:5      | Your scales start taking on a dull iron-grey colour.
  3929 | D:5      | Reached XP level 7. HP: 23/59 MP: 7/7
  3929 | D:5      | Gained mutation: You can survive without breathing. [Grey
                  | Draconian growth]
  4882 | D:4      | Found an iron altar of Okawaru.
  4987 | D:4      | Found a bloodstained altar of Trog.
  7086 | D:5      | Reached skill level 6 in Maces & Flails
  7086 | D:5      | Reached skill level 5 in Throwing
  7132 | D:5      | Found an ornate altar of the Wu Jian Council.
  7164 | D:5      | Reached * piety under Qazlal
  7834 | D:6      | Reached XP level 8. HP: 67/67 MP: 8/8
  8070 | D:6      | Found a sacrificial altar of Ru.
  8269 | D:7      | Found a staircase to the Ecumenical Temple.
  8285 | Temple   | Entered the Ecumenical Temple
  8879 | D:7      | Got a scorched lapis lazuli ring
  8981 | D:7      | Reached skill level 5 in Fighting
  9709 | D:6      | Reached skill level 7 in Maces & Flails
 10307 | D:7      | Identified the ring "Saoxaofuo" {rPois MP+9 Str+3} (You
                  | found it on level 7 of the Dungeon)
 10483 | D:7      | Found a broken altar of Ashenzari.
 10487 | D:7      | Saw a vision of the Shoals and the Spider Nest.
 10487 | D:7      | Noticed a wolf spider
 10487 | D:7      | Noticed a merfolk
 10487 | D:7      | Noticed a merfolk
 10487 | D:7      | Noticed a wind drake
 10722 | D:8      | Found a sparkling altar of Nemelex Xobeh.
 10817 | D:8      | Found Boahapye's Antique Weapon Shop.
 10929 | D:8      | Reached ** piety under Qazlal
 11146 | D:8      | Reached skill level 5 in Dodging
 11289 | D:8      | Reached XP level 9. HP: 57/74 MP: 9/9
 11678 | D:8      | Noticed a komodo dragon
 11701 | D:8      | Killed a komodo dragon
 12091 | D:8      | Slain by a basilisk

Illustrated notes

Levels and vault maps discovered:
D:1:      minmay_arrival_open_corners, layout_rooms,
          hangedman_abyss_or_decor_stabs, grunt_decor_cap, minmay_hedge_maze
D:2:      layout_loops_ring, elyvilon_altar_3, grunt_ministairs_9,
          amethyst_killhole, st_stairs_2
D:3:      layout_basic, nicolae_qazlal_style_of_elements, fiery_altar_vehumet,
          minmay_circle_x
D:4:      layout_loops_ring, overflow_temple_1_default, old_standard_altar,
          grunt_ministairs_4, hangedman_abyss_or_decor_passed,
          minmay_diced_spiral
D:5:      layout_basic, nzn_wu_jian_contemplation
D:6:      layout_basic, lemuel_round_altar, cheibrodos_sewer_entry_drain
D:7:      layout_layer_cave, minmay_temple_entry_offerings,
          grunt_ashenzari_visionary [grunt_ashenzari_visionary_shoals,
          grunt_ashenzari_visionary_spider]
D:8:      layout_basic, zin_angel, erik_lair_dragon, serial_shops,
          nicolae_shop_trees, nemelex_xobeh_ov_fountains_minmay
Temple:   jpeg_temple_island

Skill      XL: |  1  2  3  4  5  6  7  8 |
---------------+-------------------------+-----
Throwing       | 2 3 4 5 6 |  6.8
Dodging        | 3 4 5 |  5.3
Fighting       | 3 4 5 |  5.9
Maces & Flails | 4 5 6 7 |  7.9

Action                   |  1- 3 |  4- 6 |  7- 9 || total
-------------------------+-------+-------+-------++-------
Melee: Flail             |   107 |   123 |   429 ||   659
       Tailslap          |     7 |    13 |    66 ||    86
Throw: Throwing net      |       |     3 |     1 ||     4
Evoke: Wand              |       |     1 |     1 ||     2
  Use: Scroll            |       |       |     2 ||     2
 Stab: Sleeping          |     2 |       |       ||     2
       Held in net/web   |       |     1 |       ||     1
Armor: Skin              |    42 |    46 |   215 ||   303
Dodge: Dodged            |   133 |   114 |   310 ||   557
Block: Other             |       |       |     9 ||     9
       Kite shield       |       |       |    79 ||    79
